 Dungeon Crawl Stone Soup version 0.31-a0-875-g02e7d12df6 (webtiles) character file.

Game seed: 14223537759607732579

88038 Gergoth the Fighter (level 15, -12/129 HPs)
             Began as a Merfolk Gladiator on Oct 11, 2023.
             Was a Believer of Ashenzari.
             Killed from afar by a storm dragon (27 damage)
             ... with a bolt of lightning
             ... on level 4 of the Shoals on Oct 12, 2023.
             The game lasted 01:51:06 (26730 turns).

Gergoth the Fighter (Merfolk Gladiator)            Turns: 26730, Time: 01:51:07

Health: -12/129    AC: 18    Str: 19    XL:     15   Next: 92%
Magic:  31/31      EV: 17    Int: 14    God:    Ashenzari [**....]
Gold:   1415       SH: 10    Dex: 17    Spells: 27/39 levels left

rFire   + + .        l - +6 demon trident (elec)
rCold   + + .        p - +0 buckler
rNeg    . . .        G - +0 ring mail {rF+}
rPois   .            c - +1 helmet "Behold Eternity" {Cun, Self} (curse)
rElec   .            W - +2 cloak
rCorr   .            T - +1 pair of gloves "Thunder Perfect Mind" {rC+ Str+3 Dex+2 Slay+3, Cun, Melee} (curse)
SInv    +            A - +2 pair of boots of the Cryptic God {Stlth+, Range, Elem} (curse)
Will    ++...        X - amulet of Ashenzari's Stars {Reflect rF+ Will+ SH+5 Stlth+, Elem, Self} (curse)
Stlth   +++          K - +4 ring of slaying
HPRegen 0.41/turn    y - ring of protection from cold
MPRegen 0.22/turn

%: reflection
@: no status effects
A: (nimble swimmer 2), mertail
a: Renounce Religion, Shatter the Chains


You were on level 4 of the Shoals.
You worshipped Ashenzari.
Ashenzari was pleased with you.
You visited 6 branches of the dungeon, and saw 25 of its levels.
You also visited: Ossuary and Gauntlet.

You collected 1536 gold pieces.
You spent 121 gold pieces at shops.

Inventory:

Hand Weapons
 l - a +6 demon trident of electrocution (weapon)
 t - the +5 halberd "Otwom" {speed, rElec rPois rC- Str+3}
   (You found it in a Gauntlet)

   Str+3:     It affects your strength (+3).
   rC-:       It makes you vulnerable to cold.
   rElec:     It insulates you from electricity.
   rPois:     It protects you from poison
Missiles
 d - 5 throwing nets
 f - 9 darts of dispersal
 i - 3 silver javelins
Armour
 a - a +0 leather armour
 c - the cursed +1 helmet "Behold Eternity" (worn) {Cun, Self}

   It has a curse which improves the following skills: Cunning: Dodging and
   Stealth.
   Introspection: Fighting and Spellcasting.
 p - a +0 buckler (worn)
 A - the cursed +2 pair of boots of the Cryptic God (worn) {Stlth+, Range, Elem}
   (You found it in a Gauntlet)

   It has a curse which improves the following skills: Ranged Combat: Ranged
   Weapons and Throwing.
   Elements:  Fire Magic, Ice Magic, Air Magic and Earth Magic.
 G - a +0 ring mail of fire resistance (worn)
 T - the cursed +1 pair of gloves "Thunder Perfect Mind" (worn) {rC+ Str+3 Dex+2 Slay+3, Cun, Melee}
   (You found it in a Gauntlet)

   Str+3:     It affects your strength (+3).
   Dex+2:     It affects your dexterity (+2).
   Slay+3:    It affects your accuracy & damage with ranged weapons and melee
   (+3).
   rC+:       It protects you from cold.
   It has a curse which improves the following skills: Cunning: Dodging and
   Stealth.
   Melee Combat: Short Blades, Long Blades, Axes, Maces & Flails, Polearms,
   Staves and Unarmed Combat.
 V - +0 fire dragon scales
 W - a +2 cloak (worn)
Jewellery
 e - a ring of protection from cold
 n - a ring of positive energy
 y - a ring of protection from cold (right hand)
 B - a ring of magical power
 C - a ring of wizardry
 K - a +4 ring of slaying (left hand)
 X - the cursed amulet of Ashenzari's Stars (around neck) {Reflect rF+ Will+ SH+5 Stlth+, Elem, Self}
   (You found it on level 8 of the Dungeon)

   [amulet of reflection]

   Reflect:   It reflects blocked missile attacks.
   rF+:       It protects you from fire.
   Will+:     It increases your willpower.
   SH+5:      It affects your SH (+5).
   Stlth+:    It makes you more stealthy.
   It has a curse which improves the following skills: Elements: Fire Magic, Ice
   Magic, Air Magic and Earth Magic.
   Introspection: Fighting and Spellcasting.
Wands
 u - a wand of flame (43)
 D - a wand of quicksilver (13)
 I - a wand of iceblast (23)
 M - a wand of mindburst (6) (quivered)
 N - a wand of charming (24)
 Z - a wand of digging (8)
Scrolls
 g - a scroll of silence
 h - 8 scrolls of teleportation
 k - a scroll of summoning
 m - 4 scrolls of blinking
 v - a scroll of enchant armour
 J - 4 scrolls of enchant weapon
 L - a scroll of amnesia
 P - 3 scrolls of vulnerability
 S - a scroll of revelation
 U - a scroll of brand weapon
Potions
 b - a potion of berserk rage
 j - 10 potions of curing
 o - 2 potions of mutation
 q - 2 potions of lignification
 r - 2 potions of resistance
 s - a potion of ambrosia
 w - 2 potions of cancellation
 x - 2 potions of haste
 z - 2 potions of magic
 F - 2 potions of heal wounds
 H - 3 potions of invisibility
 O - 2 potions of might
 Q - 4 potions of brilliance
Miscellaneous
 R - a phial of floods
 Y - a phantom mirror


   Skills:
 - Level 13.8(15.4) Fighting
 + Level 13.7(14.8) Polearms
 - Level 2.0(2.9) Throwing
 + Level 8.2 Armour
 - Level 10.8(12.5) Dodging
 - Level 4.0 Shields
 + Level 11.1(12.8) Spellcasting
 - Level 8.0 Conjurations
 - Level 9.7(11.4) Ice Magic
 - Level 2.5(4.0) Air Magic
 - Level 6.0 Evocations


You had 27 spell levels left.
You knew the following spells:

 Your Spells              Type           Power      Damage    Failure   Level
a - Freeze                Ice            100%       1d10      1%          1
b - Frozen Ramparts       Ice            82%        1d13      1%          3
c - Hailstorm             Conj/Ice       36%        3d9       1%          3
d - Freezing Cloud        Conj/Ice/Air   15%        6-21      17%         5

Your spell library contained the following spells:

 Spells                   Type           Power      Damage    Failure   Level
 Shock                    Conj/Air       100%       1d9       1%          1
 Static Discharge         Conj/Air       50%        2-5/arc   1%          2
 Ensorcelled Hibernation  Hex/Ice        50%        N/A       2%          2
 Stone Arrow              Conj/Erth      40%        3d9       9%          3
 Swiftness                Air            20%        N/A       9%          3
 Poisonous Vapours        Pois/Air       28%        N/A       11%         2
 Cigotuvi's Dreadful Rot  Necr/Pois/Air  24%        N/A       14%         2
 Sting                    Tmut/Pois      32%        1d4       16%         1
 Jinxbite                 Hex            16%        N/A       24%         2
 Sublimation of Blood     Necr           8%         N/A       24%         2
 Wereblood                Tmut           8%         N/A       24%         2
 Sticky Flame             Conj/Fire      20%        2d4       28%         4
 Airstrike                Air            10%        2d(2-18)  30%         4
 Metabolic Englaciation   Hex/Ice        12%        N/A       38%         5
 Ignite Poison            Fire/Tmut/Pois 9%         N/A       41%         3
 Summon Lightning Spire   Summ/Air       14%        N/A       56%         4
 Anguish                  Hex/Necr       4%         N/A       83%         4
 Animate Armour           Summ/Erth      18%        N/A       83%         4
 Olgreb's Toxic Radiance  Pois           8%         N/A       83%         4
 Petrify                  Tmut/Erth      9%         N/A       83%         4
 Summon Hydra             Summ           4%         N/A       100%        7
 Ignition                 Fire           4%         3d4       100%        8
 Lehudib's Crystal Spear  Conj/Erth      10%        10d4      100%        8


Dungeon Overview and Level Annotations

Branches:
Dungeon (12/15)            Temple (1/1) D:4            Lair (5/5) D:11
 Shoals (4/4) Lair:2        Snake (2/4) Lair:3        Slime (0/5) Lair:5
    Orc (1/2) D:9         Ossuary (visited)         Gauntlet (visited)

Altars:
Ashenzari
Cheibriados
Dithmenos
Elyvilon
Fedhas
Gozag
Hepliaklqana
Kikubaaqudgha
Makhleb
Nemelex Xobeh
Okawaru
Qazlal
Ru
Sif Muna
Trog
Uskayaw
Vehumet
Wu Jian
Yredelemnul
Zin
The Shining One
Jiyva

Shops:
D:5 *   Snake:1 ==:

Portals:
Trove: D:12 (give +2 gold dragon scales)

Annotations:
D:12 Frances, Kirke
Lair:4 3 runed translucent doors, Osajif's ghost, journeyman DESh
Lair:5 Rupert
Shoals:1 1 transporter, Aizul
Shoals:2 Roxanne
Snake:1 Agnes


Innate Abilities, Weirdness & Mutations

((You are very nimble when in or above water. (Stealth+, EV+, Speed+++)))
Your lower body shifts to a powerful aquatic tail in water.


Message History

The cursed +2 pair of boots of the Cryptic God {Stlth+, Range, Elem} unmelds from your body.
You feel stealthy.
The storm dragon breathes lightning at you.
The bolt of lightning hits you!!
You hear an angry hiss.
Your legs become a tail as you enter the water.
The cursed +2 pair of boots of the Cryptic God {Stlth+, Range, Elem} melds into your body.
You feel less stealthy.
The cursed +2 pair of boots of the Cryptic God {Stlth+, Range, Elem} unmelds from your body.
You feel stealthy.
Your legs become a tail as you enter the water.
The cursed +2 pair of boots of the Cryptic God {Stlth+, Range, Elem} melds into your body.
You feel less stealthy.
The cursed +2 pair of boots of the Cryptic God {Stlth+, Range, Elem} unmelds from your body.
You feel stealthy.
Things that are here:
a +2 demon trident of pain; a +0 robe; a merfolk skeleton You see here a +0 trident.
You see here a water nymph skeleton.
The storm dragon breathes lightning at you.
The bolt of lightning hits you!!
The storm dragon breathes lightning at you.
The bolt of lightning misses you.
Your legs become a tail as you enter the water.
The cursed +2 pair of boots of the Cryptic God {Stlth+, Range, Elem} melds into your body.
You feel less stealthy.
The cursed +2 pair of boots of the Cryptic God {Stlth+, Range, Elem} unmelds from your body.
You feel stealthy.
There is an escape hatch in the ceiling here.
Your legs become a tail as you enter the water.
The cursed +2 pair of boots of the Cryptic God {Stlth+, Range, Elem} melds into your body.
You feel less stealthy.
The cursed +2 pair of boots of the Cryptic God {Stlth+, Range, Elem} unmelds from your body.
You feel stealthy.
The storm dragon breathes lightning at you.
The bolt of lightning hits you!!!
* * * LOW HITPOINT WARNING * * *
The storm dragon breathes lightning at you.
The bolt of lightning hits you!!
You die...

................8#.≈≈≈≈8≈≈≈≈.#
..##~~~~~~.#.....#.≈##≈.≈##≈.#
~~~~~~#~.~~~~~...#.≈##≈.≈##≈.#
~~~~##...~#~~~~..#.≈≈≈D.≈≈≈≈.#
~~~~~.~~~~~~~~...#.....<.....#
..#~~~~~~~#~.....#.≈≈≈≈.≈≈≈≈.#
................8#.≈##≈.≈##≈.#
######..##########.≈##≈.≈##≈.#
...)...........)@..≈≈≈≈.≈≈≈≈.#
.............................#
##############################


You could see a storm dragon (catching breath).

Vanquished Creatures
  A kraken (Shoals:4)
  Azrael (Snake:1)
  A merfolk javelineer (Shoals:4)
  A fire dragon (Lair:5)
  Snorg (Lair:5)
  A minotaur (Gauntlet)
  4 merfolk impalers
  Harold (D:10)
  3 hydras
  3 boulder beetles
  2 centaur warriors (Shoals:2)
  3 merfolk aquamancers
  2 satyrs
  A two-headed ogre (D:10)
  8 death yaks
  A shock serpent (Snake:2)
  2 skysharks
  3 sea snakes
  3 harpies
  A lindwurm (Lair:5)
  10 fauns
  8 manticores
  A cyclops (D:11)
  3 mana vipers (Snake:1)
  A salamander (Lair:3)
  9 elephants
  3 merfolk sirens
  9 black mambas
  5 molten gargoyles
  2 torpor snails
  2 naga magi (Snake:1)
  7 cane toads
  3 gargoyles
  4 water nymphs (Shoals:4)
  Joseph (D:9)
  An unseen horror (D:10)
  5 rime drakes
  11 komodo dragons
  12 merfolk
  A guardian mummy (D:12)
  An ice devil (Gauntlet)
  A polar bear (Lair:5)
  3 blink frogs (Lair:3)
  4 trolls
  11 wind drakes
  4 hornets
  10 dream sheep
  8 snapping turtles
  A slime creature (D:11)
  Sigmund (D:2)
  5 air elementals (Shoals:4)
  16 water elementals
  A wraith (D:11)
  41 yaks
  14 wyverns
  4 hogs
  12 basilisks
  Eustachio (D:4)
  10 vampire mosquitoes
  A fire elemental (Snake:1)
  3 steam dragons
  A warg (D:8)
  3 nagas
  Duvessa (D:5)
  8 water moccasins
  8 hell hounds
  4 orc warriors
  2 ice beasts (D:6)
  18 wolves
  An ogre (D:6)
  7 centaurs
  A phantom (D:3)
  2 kobold brigands (D:9)
  15 bullfrogs
  Blork the orc (D:5)
  2 necrophages (D:4)
  18 wights
  2 water moccasin zombies (D:4)
  Dowan (D:5)
  An electric eel (Lair:3)
  2 howler monkeys (D:10)
  5 lava snakes (Lair:5)
  2 human zombies
  6 hounds
  7 orc priests
  4 jellies
  3 sleepcaps
  Jessica (D:3)
  8 iguanas
  14 orc wizards
  Natasha (thrice) (D:4)
  7 hell rats (Lair:3)
  3 hound zombies (D:4)
  5 mummies
  4 gnolls
  15 adders
  4 shadow imps
  8 white imps
  2 ufetubi
  An adder zombie (D:4)
  A worm (D:2)
  A dart slug (D:3)
  45 orcs
  7 endoplasms
  4 giant cockroaches
  9 goblins
  6 hobgoblins
  7 jackals
  19 kobolds
  3 quokkas
  14 ball pythons
  2 bats
  4 frilled lizards
  3 gnoll zombies (Ossuary)
  A goblin zombie (Ossuary)
  2 hobgoblin zombies (Ossuary)
  A kobold zombie (Ossuary)
  4 rats
626 creatures vanquished.

Vanquished Creatures (collateral kills)
  2 yaks (D:11)
  A worm (D:2)
3 creatures vanquished.

Vanquished Creatures (others)
  A manticore (Shoals:1)
  An orc (D:9)
  A kobold (D:9)
  12 tentacles (Shoals:4)
15 creatures vanquished.

Grand Total: 644 creatures vanquished

Notes
Turn   | Place    | Note
-------+----------+-------------------------------------------
     0 | D:1      | Gergoth the Merfolk Gladiator began the quest for the Orb.
     0 | D:1      | Reached XP level 1. HP: 16/16 MP: 1/1
   209 | D:1      | Reached XP level 2. HP: 23/23 MP: 2/2
   594 | D:1      | Reached XP level 3. HP: 20/28 MP: 3/3
  1034 | D:2      | Noticed Sigmund
  1047 | D:2      | Killed Sigmund
  1048 | D:2      | Reached skill level 5 in Polearms
  1048 | D:2      | Reached skill level 1 in Armour
  1048 | D:2      | Reached skill level 5 in Dodging
  1048 | D:2      | Reached XP level 4. HP: 36/36 MP: 4/4
  1048 | D:2      | Reached XP level 5. HP: 41/41 MP: 5/5
  1226 | D:2      | Found a radiant altar of Vehumet.
  1446 | D:2      | Reached XP level 6. HP: 46/48 MP: 6/6
  1847 | D:3      | Noticed Jessica
  1859 | D:3      | Killed Jessica
  1944 | D:3      | Found a shimmering blue altar of Sif Muna.
  2513 | D:4      | Noticed an orc warrior
  2546 | D:3      | Learned a level 1 spell: Freeze
  2550 | D:3      | Learned a level 3 spell: Frozen Ramparts
  2580 | D:4      | Noticed Eustachio
  2595 | D:3      | Reached XP level 7. HP: 38/55 MP: 7/7
  2863 | D:4      | Noticed Natasha
  2871 | D:4      | Killed Natasha
  2973 | D:4      | Reached skill level 1 in Shields
  2991 | D:4      | Reached skill level 5 in Fighting
  2991 | D:4      | Found an ancient bone altar of Kikubaaqudgha.
  3025 | D:4      | Reached XP level 8. HP: 34/62 MP: 8/8
  3377 | D:4      | Killed Eustachio
  3395 | D:4      | Found a staircase to the Ecumenical Temple.
  3409 | Temple   | Entered the Ecumenical Temple
  3502 | Temple   | Became a worshipper of Ashenzari the Shackled
  3659 | D:4      | Noticed Natasha
  3669 | D:4      | Killed Natasha
  3788 | D:4      | Noticed Natasha
  3793 | D:4      | Killed Natasha
  3981 | D:5      | Entered Level 5 of the Dungeon
  4048 | D:5      | Found a sand-covered staircase.
  4084 | Ossuary  | Entered an ossuary
  4382 | D:5      | Noticed Blork the orc
  4390 | D:5      | Killed Blork the orc
  4493 | D:5      | Found an opulent altar of Gozag.
  4805 | D:5      | Found an iron altar of Okawaru.
  4943 | D:5      | Reached XP level 9. HP: 55/71 MP: 9/9
  5161 | D:5      | Found a bloodstained altar of Trog.
  5161 | D:5      | Found a sacrificial altar of Ru.
  5183 | D:5      | Found Meys's Fire Supplies.
  5198 | D:5      | Bought a +0 ring mail of fire resistance for 121 gold
                  | pieces
  5332 | D:5      | Noticed Dowan
  5333 | D:5      | Noticed Duvessa
  5337 | D:5      | Killed Duvessa
  5339 | D:5      | Killed Dowan
  5945 | D:6      | Identified the +2 dagger of Infinity {speed, *Slow rC++
                  | Str+4 SInv}
  5957 | D:6      | Reached * piety under Ashenzari
  6579 | D:7      | Reached skill level 1 in Ice Magic
  6586 | D:7      | Reached skill level 1 in Evocations
  6691 | D:7      | Reached skill level 1 in Spellcasting
  6751 | D:7      | Noticed a hornet
  6759 | D:7      | Paralysed by a hornet for 1 turns
  6762 | D:7      | Killed a hornet
  6979 | D:7      | Found an ornate altar of the Wu Jian Council.
  7001 | D:7      | Noticed a hornet
  7008 | D:7      | Killed a hornet
  7087 | D:7      | Reached XP level 10. HP: 71/80 MP: 13/13
  7155 | D:7      | Found a hide-covered altar of Uskayaw.
  8205 | D:8      | Identified the amulet "Wurghecay" {Reflect rF+ Will+ SH+5
                  | Stlth+}
  8411 | D:8      | Reached skill level 10 in Polearms
  8821 | D:9      | Noticed Joseph
  8825 | D:9      | Found a staircase to the Orcish Mines.
  9098 | D:9      | Killed Joseph
 10184 | Orc:1    | Entered Level 1 of the Orcish Mines
 10215 | Orc:1    | Noticed an orc warlord
 10285 | D:10     | Entered Level 10 of the Dungeon
 10319 | D:10     | Found a shimmering altar of Xom.
 10320 | D:10     | Found a shimmering altar of Xom.
 10321 | D:10     | Found a shimmering altar of Xom.
 10325 | D:10     | Found a shimmering altar of Xom.
 10325 | D:10     | Found a shimmering altar of Xom.
 10325 | D:10     | Found a shimmering altar of Xom.
 10325 | D:10     | Found a shimmering altar of Xom.
 10326 | D:10     | Found a shimmering altar of Xom.
 10326 | D:10     | Found a shimmering altar of Xom.
 10326 | D:10     | Found a shimmering altar of Xom.
 10334 | D:10     | Reached skill level 5 in Ice Magic
 10344 | D:10     | Reached XP level 11. HP: 85/89 MP: 18/18
 10406 | D:10     | Noticed a two-headed ogre
 10881 | D:10     | Killed a two-headed ogre
 10906 | D:10     | Noticed a sea snake
 10976 | D:10     | Noticed Harold
 11037 | D:10     | Reached skill level 5 in Evocations
 11199 | D:10     | Noticed a shining eye
 11342 | D:11     | Found a white marble altar of Elyvilon.
 11356 | D:11     | Noticed a cyclops
 11363 | D:11     | Killed a cyclops
 11657 | D:11     | Reached skill level 5 in Spellcasting
 11812 | D:11     | Noticed a boulder beetle
 11823 | D:11     | Killed a boulder beetle
 11850 | D:11     | Noticed a manticore
 11947 | D:10     | Killed Harold
 12203 | D:10     | Reached skill level 10 in Fighting
 12561 | D:11     | Noticed a death yak
 12562 | D:11     | Noticed a death yak
 12574 | D:11     | Found a staircase to the Lair.
 12586 | D:11     | Noticed a death yak
 12589 | D:11     | Noticed a death yak
 12590 | D:11     | Noticed a death yak
 12962 | D:11     | Reached XP level 12. HP: 96/100 MP: 21/21
 13028 | D:11     | Killed a death yak
 13278 | D:12     | Found a portal to a secret trove of treasure.
 13624 | D:12     | Noticed Kirke
 14292 | D:12     | Noticed Frances
 14297 | D:12     | Noticed a sun demon
 14445 | Lair:1   | Entered Level 1 of the Lair of Beasts
 14771 | Lair:1   | Reached skill level 5 in Armour
 14844 | Lair:1   | Noticed a boulder beetle
 15095 | Lair:1   | Killed a boulder beetle
 15563 | Lair:2   | Noticed a skyshark
 15761 | Lair:2   | Noticed a seven-headed hydra
 15829 | Lair:2   | Noticed a death yak
 15892 | Lair:2   | Noticed a death yak
 16098 | Lair:2   | Noticed a death yak
 16099 | Lair:2   | Noticed a death yak
 16133 | Lair:1   | Killed a death yak
 16134 | Lair:1   | Reached XP level 13. HP: 35/111 MP: 17/22
 16873 | Lair:2   | Reached ** piety under Ashenzari
 16963 | Lair:2   | Upgraded the game from 0.31-a0-868-g674d60d6f7 to
                  | 0.31-a0-875-g02e7d12df6
 17283 | Lair:2   | Found a staircase to the Shoals.
 17795 | Lair:2   | Learned a level 3 spell: Hailstorm
 17801 | Lair:2   | Learned a level 5 spell: Freezing Cloud
 18385 | Shoals:1 | Entered Level 1 of the Shoals
 18387 | Shoals:1 | Noticed Aizul
 18529 | Shoals:1 | Found a transporter.
 18537 | Shoals:1 | Found a transporter.
 18719 | Lair:3   | Reached skill level 1 in Conjurations
 18762 | Lair:3   | Found a staircase to the Snake Pit.
 18771 | Lair:3   | Reached skill level 1 in Air Magic
 19497 | Lair:3   | Reached XP level 14. HP: 123/123 MP: 21/25
 19724 | Lair:4   | Found a runed translucent gate.
 19724 | Lair:4   | Found a runed translucent gate.
 19724 | Lair:4   | Found a runed translucent gate.
 19726 | Lair:4   | Noticed Osajif's ghost (journeyman DESh)
 19743 | Lair:5   | Entered Level 5 of the Lair of Beasts
 19750 | Lair:5   | Noticed Rupert
 19784 | Lair:5   | Noticed Snorg
 19873 | Lair:5   | Found a gate leading to a gauntlet.
 19927 | Gauntlet | Entered a Gauntlet
 19927 | Gauntlet | Found a transporter.
 19927 | Gauntlet | Found a transporter.
 19927 | Gauntlet | Found a transporter.
 19949 | Gauntlet | Found a transporter.
 19951 | Gauntlet | Found a transporter.
 19962 | Gauntlet | Identified the +5 barding "Boptet" {rC+ rCorr Dex+4}
 19963 | Gauntlet | Found a transporter.
 19965 | Gauntlet | Found a transporter.
 19975 | Gauntlet | Found a transporter.
 19980 | Gauntlet | Noticed a reaper
 19995 | Gauntlet | Identified the +0 hat of the Pit {Drain rF+ Int+3 Dex+3}
 19996 | Gauntlet | Found a transporter.
 19997 | Gauntlet | Identified the +5 halberd "Otwom" {speed, rElec rPois rC-
                  | Str+3}
 20013 | Gauntlet | Found a transporter.
 20017 | Gauntlet | Found a transporter.
 20017 | Gauntlet | Identified the +1 pair of gloves of Crawling {rC+ Str+3
                  | Dex+2 Slay+3}
 20027 | Gauntlet | Found a transporter.
 20306 | Gauntlet | Reached skill level 10 in Dodging
 21022 | Lair:5   | Killed Snorg
 21833 | Lair:5   | Found a large runed translucent door.
 21834 | Lair:5   | Found a large runed translucent door.
 22263 | Lair:5   | Found a viscous altar of Jiyva.
 22264 | Lair:5   | Found a staircase to the Slime Pits.
 22301 | Lair:5   | Reached skill level 5 in Conjurations
 22426 | Snake:1  | Entered Level 1 of the Snake Pit
 22429 | Snake:1  | Noticed Azrael
 22449 | Snake:1  | Killed Azrael
 22603 | Snake:1  | Found Foilif Amawi's Jewellery Boutique.
 22604 | Snake:1  | Found Gyasseuc's Book Shoppe.
 22606 | Snake:1  | Found Pavusm's Jewellery Boutique.
 22761 | Snake:1  | Noticed Agnes
 23229 | Shoals:1 | Reached XP level 15. HP: 129/129 MP: 29/29
 23689 | Shoals:1 | Found a transporter.
 23693 | Shoals:1 | Found a transporter.
 23711 | Shoals:1 | Reached *** piety under Ashenzari
 23844 | Shoals:1 | Found a transporter.
 23844 | Shoals:1 | Found a transporter.
 24020 | Shoals:1 | Identified the cursed +2 pair of boots of the Cryptic God
                  | {Stlth+, Range, Elem} (You found it in a Gauntlet)
 24245 | Shoals:2 | Noticed Roxanne
 24793 | Shoals:2 | Identified the cursed +1 helmet "Behold Eternity" {Cun,
                  | Self}
 25049 | Shoals:4 | Entered Level 4 of the Shoals
 25117 | Shoals:4 | Reached skill level 10 in Spellcasting
 25288 | Shoals:4 | Found a shimmering blue altar of Sif Muna.
 25532 | Shoals:4 | Paralysed by an air elemental for 1 turns
 25724 | Shoals:4 | Paralysed by an air elemental for 1 turns
 25761 | Shoals:4 | Paralysed by an air elemental for 1 turns
 25780 | Shoals:4 | Noticed a kraken
 25814 | Shoals:4 | Killed a kraken
 26679 | Shoals:4 | Identified the Atlas of Freezing and Distance
 26687 | Shoals:4 | Noticed a storm dragon
 26730 | Shoals:4 | Killed from afar by a storm dragon

Illustrated notes

Levels and vault maps discovered:
D:1:      roderic_crossed_star, layout_basic
D:2:      minmay_chambers_of_twos, layout_basic, basic_altar,
          chequers_serial_rivers_micro_e, kennysheep_path_1, uniq_sigmund
D:3:      layout_basic, mainiacjoe_overflow_boulevard, st_stairs_9,
          hangedman_decor_lopped, uniq_jessica
D:4:      layout_rooms, lemuel_mausoleum_altar_kikubaaqudgha,
          minmay_temple_entry_waves, minmay_misc_feat_iff, uniq_natasha,
          uniq_eustachio
D:5:      layout_layer_cave, lemuel_crystal_altar,
          mainiacjoe_overflow_concentric_impassable,
          gammafunk_temple_overflow_pools, nicolae_ossuary_entry_plus,
          nicolae_shop_fire_sale [nicolae_sub_dead_trees], uniq_blork_the_orc,
          uniq_duvessa
D:6:      layout_basic
D:7:      layout_basic, lemuel_crystal_altar, old_standard_altar,
          serial_demonic, serial_demonic_b, serial_demonic_b, serial_demonic_a,
          serial_demonic_e, serial_demonic_c, serial_demonic_e,
          nicolae_fountain_basement
D:8:      layout_basic
D:9:      layout_loops_ring, david_orc_3, supply_closet_lemuel, uniq_joseph
D:10:     layout_basic, xom_shifter_show, uniq_harold
D:11:     layout_grid_maze, dpeg_lair_monsters, chequers_jeans,
          nicolae_elyvilon_peaceful_grove
D:12:     layout_loops_ring, nicolae_trove_entry_path_of_doom,
          minmay_lizard_king, uniq_kirke, uniq_frances
Temple:   nicolae_temple_god_jail
Lair:1:   layout_cave_shapes, st_stairs_12
Lair:2:   minmay_lair_venomous_thicket, layout_hall_layers,
          elwin_shoals_entry_stream, lemuel_old_faithful
Lair:3:   layout_long_grid, alex1729_snake_entry_snake, serial_bayou,
          serial_bayou_shore_a, serial_bayou_pond_c, serial_bayou_crossing,
          serial_bayou_pond_e, special_room [special_room_mythical_zoo]
Lair:4:   layout_misc_corridors, gammafunk_ghost_hydra_chop,
          chequers_serial_rivers_small_3
Lair:5:   cheibrodos_lair_end_hotspot, layout_loops_ring,
          dpeg_slime_entry_enclosed, gauntlet_entry_generic, uniq_rupert,
          uniq_snorg
Shoals:1: cheibrodos_shoals_satyrical_garden, layout_shoals,
          serial_nicolae_subway, nicolae_sub_station_crystal,
          nicolae_sub_station_metal, nicolae_sub_station_stone, uniq_aizul
Shoals:2: layout_shoals, uniq_roxanne
Shoals:3: layout_shoals, hangedman_shoals_cup_caves
Shoals:4: shoals_end_hellmonk_storm_palace [storm_palace_center_ruins,
          storm_palace_corner_reverse_hut, storm_palace_corner_altar,
          storm_palace_corner_pillars, storm_palace_corner_blocked]
Snake:1:  layout_basic, minmay_shop_grove, uniq_agnes, uniq_azrael
Snake:2:  layout_misc_corridors, basic_altar
Orc:1:    orc_temple, layout_caves, serial_shops, nicolae_shop_stone,
          library_closet

Skill      XL: |  1  2  3  4  5  6  7  8  9 10 11 12 13 14 15 |
---------------+----------------------------------------------+-----
Fighting       | 3 4 5 6 7 8 10 12 13 | 13.8
Polearms       | 5 6 7 9 10 12 13 | 13.7
Armour         | 1 2 3 4 5 7 8 |  8.2
Dodging        | 5 6 7 8 9 10 | 10.8
Shields        | 1 3 4 |  4.0
Ice Magic      | 2 5 8 9 |  9.7
Evocations     | 2 4 6 |  6.0
Spellcasting   | 2 4 5 6 8 11 | 11.1
Conjurations   | 2 5 8 |  8.0
Air Magic      | 2 |  2.5
Throwing       | |  2.0

Action                     |  1- 3 |  4- 6 |  7- 9 | 10-12 | 13-15 || total
---------------------------+-------+-------+-------+-------+-------++-------
  Melee: Trident           |   101 |   159 |   442 |   779 |  1024 ||  2505
         Tailslap          |       |       |       |       |    18 ||    18
         Halberd           |       |       |       |       |     8 ||     8
         Demon trident     |       |       |       |       |     7 ||     7
  Throw: Dart              |       |       |       |    50 |    29 ||    79
         Throwing net      |       |       |       |     4 |       ||     4
         Javelin           |       |       |       |     2 |     4 ||     6
   Cast: Freeze            |       |       |     1 |     2 |       ||     3
         Frozen Ramparts   |       |       |       |    11 |    97 ||   108
         Hailstorm         |       |       |       |       |    17 ||    17
         Freezing Cloud    |       |       |       |       |    22 ||    22
 Invoke: Curse Item        |       |       |     2 |       |     3 ||     5
         Shatter the Chain |       |       |       |       |     1 ||     1
  Evoke: Wand              |       |       |       |     2 |     7 ||     9
    Use: Potion            |     3 |     2 |       |     2 |     4 ||    11
         Scroll            |     2 |     5 |     2 |     5 |     4 ||    18
   Stab: Sleeping          |     1 |     4 |     4 |     2 |     4 ||    15
         Distracted        |     1 |       |       |     1 |     3 ||     5
 Armour: Leather armour    |    51 |    38 |    80 |       |       ||   169
         Ring mail         |       |       |    78 |   279 |   423 ||   780
         Skin              |       |       |       |       |     3 ||     3
  Dodge: Dodged            |    52 |    83 |   215 |   266 |   344 ||   960
  Block: Buckler           |       |       |    56 |   230 |   290 ||   576
         Reflection        |       |       |       |    17 |    28 ||    45

Table legend: (Time is in decaauts)
 A = Elapsed time spent in this place.
 B = Non-inter-level travel time spent in this place.
 C = Inter-level travel time spent in this place.
 D = Time resting spent in this place.
 E = Time spent auto-exploring this place.
 F = Levels seen in this place.
 G = Mean time per level.
                   A        B        C        D        E       F      G
               +--------+--------+--------+--------+--------+-----+--------+
         Total |  25904 |  25362 |    542 |   6227 |   9451 |  27 |  959.4 |
       Dungeon |  14040 |  13812 |    228 |   1976 |   7513 |  12 | 1170.0 |
        Temple |    204 |    194 |     10 |     93 |      0 |   1 |  204.0 |
          Lair |   6401 |   6101 |    300 |   1704 |   1712 |   5 | 1280.2 |
        Shoals |   3435 |   3433 |      2 |   1901 |     13 |   4 |  858.8 |
     Snake Pit |    640 |    640 |      0 |    240 |    172 |   2 |  320.0 |
  Orcish Mines |     51 |     51 |      0 |      0 |     18 |   1 |   51.0 |
       Ossuary |    291 |    291 |      0 |     51 |     22 |   1 |  291.0 |
      Gauntlet |    838 |    838 |      0 |    261 |      0 |   1 |  838.0 |
               +--------+--------+--------+--------+--------+-----+--------+

Top non-repeatable levels by time:
    D:11: 2442 daAuts
  Lair:2: 2076 daAuts
  Lair:5: 1681 daAuts
Shoals:4: 1562 daAuts
     D:9: 1353 daAuts
  Lair:3: 1336 daAuts
     D:8: 1325 daAuts
     D:5: 1302 daAuts
    D:10: 1197 daAuts
  Lair:1: 1178 daAuts
     D:4: 1161 daAuts
     D:7: 1140 daAuts
Shoals:1: 1104 daAuts
     D:1: 1018 daAuts
     D:6: 911 daAuts
